 Dungeon Crawl Stone Soup version 0.28.0-45-g0d030f2227 (webtiles) character file.

Game seed: 5583580186764419606

6572 MisterFreud the Spear-Bearer (level 11, -2/104 HPs)
             Began as a Naga Fighter on Apr 25, 2022.
             Was a Priest of Cheibriados.
             Slain by a skeletal warrior
             ... wielding a +0 dire flail
             ... led by a skeletal warrior
              (24 damage)
             ... on level 11 of the Dungeon.
             The game lasted 00:12:14 (7643 turns).

MisterFreud the Spear-Bearer (Naga Fighter)         Turns: 7643, Time: 00:12:15

Health: -2/104     AC: 17    Str: 28    XL:     11   Next: 1%
Magic:  15/16      EV:  6    Int: 16    God:    Cheibriados [***...]
Gold:   584        SH:  5    Dex: 22    Spells: 10/10 levels left

rFire   + . .      SeeInvis +   y - +1 demon trident (flame)
rCold   . . .      Faith    .   c - +0 buckler
rNeg    . . .      Spirit   .   m - +4 ring mail "Ezug" {Regen+ Stlth+}
rPois   +          Reflect  .   (no helmet)
rElec   .          Harm     .   k - +0 cloak
rCorr   .          Rampage  .   (no gloves)
Will    +....                   x - +0 barding {Stlth+}
Stlth   +++.......              (no amulet)
HPRegen 1.07/turn               E - ring of protection from fire
MPRegen 0.15/turn               u - +4 ring of slaying

@: studying Polearms, very slow
A: AC +3, large, see invisible, deformed body, poison resistance, slowness 2,
spit poison 1, naga tail 1
a: Spit Poison, Renounce Religion, Bend Time, Temporal Distortion


You were on level 11 of the Dungeon.
You worshipped Cheibriados.
Cheibriados was most pleased with you.
You visited 2 branches of the dungeon, and saw 11 of its levels.
You also visited: Sewer and Ossuary.

You collected 584 gold pieces.

Inventory:

Hand Weapons
 a - a +0 trident of flaming
 h - a +5 lajatang of electrocution
 y - a +1 demon trident of flaming (weapon)
Missiles
 g - 10 boomerangs
 q - 8 poisoned darts
 r - 3 throwing nets
 C - 2 atropa-tipped darts
Armour
 c - a +0 buckler (worn)
 k - a +0 cloak (worn)
 m - the +4 ring mail "Ezug" (worn) {Regen+ Stlth+}
   (You took it off a hobgoblin on level 2 of the Dungeon)

   Regen:     It increases your rate of health regeneration.
   Stlth:     It makes you more stealthy.
 o - a +0 troll leather armour {Pargi}
 x - a +0 barding of stealth (worn)
Jewellery
 s - a ring of fire
 u - a +4 ring of slaying (right hand)
 E - a ring of protection from fire (left hand)
Wands
 G - a wand of iceblast (1)
Scrolls
 e - 7 scrolls of fog
 f - 7 scrolls of teleportation
 l - a scroll of enchant weapon {unknown}
 v - 2 scrolls of fear
 w - a scroll of amnesia {unknown}
 z - a scroll of blinking {unknown}
 A - 2 scrolls of enchant armour {unknown}
 D - 3 scrolls of magic mapping
 I - a scroll of silence
Potions
 b - 2 potions of mutation
 d - a potion of might
 i - 5 potions of magic
 j - 5 potions of curing
 n - 4 potions of berserk rage
 p - a potion of flight
 t - 2 potions of brilliance
 F - a potion of cancellation {unknown}
 H - a potion of resistance {unknown}
 J - a potion of lignification {unknown}


   Skills:
 + Level 8.8 Fighting
 - Level 14.0 Polearms
 - Level 5.0 Armour
 - Level 2.4 Shields
 + Level 6.8 Invocations


You had 10 spell levels left.
You didn't know any spells.
Your spell library contained the following spells:

 Spells                   Type           Power      Damage    Failure   Level
 Corpse Rot               Necr/Air       0%         N/A       56%         2
 Ensorcelled Hibernation  Hex/Ice        0%         N/A       56%         2
 Passwall                 Tmut/Erth      0%         N/A       56%         2
 Poisonous Vapours        Pois/Air       0%         N/A       56%         2
 Call Canine Familiar     Summ           0%         N/A       80%         3
 Confusing Touch          Hex            0%         N/A       80%         3
 Dazzling Flash           Conj/Hex       0%         N/A       80%         3
 Ozocubu's Armour         Ice            0%         N/A       80%         3
 Portal Projectile        Hex/Tloc       0%         N/A       80%         3
 Spider Form              Tmut/Pois      0%         N/A       80%         3
 Swiftness                Air            0%         N/A       80%         3
 Anguish                  Hex/Necr       0%         N/A       99%         4
 Iskenderun's Mystic Bla  Conj/Tloc      0%         2d3       99%         4
 Leda's Liquefaction      Hex/Erth       0%         N/A       99%         4
 Fireball                 Conj/Fire      0%         3d3       100%        5
 Metabolic Englaciation   Hex/Ice        0%         N/A       100%        5
 Yara's Violent Unravell  Hex/Tmut       0%         3d3       100%        5
 Simulacrum               Ice/Necr       0%         N/A       100%        6
 Starburst                Conj/Fire      0%         6d3       100%        6
 Enfeeble                 Hex            0%         N/A       100%        7
 Ignition                 Fire           0%         3d3       100%        8


Dungeon Overview and Level Annotations

Branches:
Dungeon (9/15)             Temple (1/1) D:7             Orc (0/2) D:9
  Sewer (visited)         Ossuary (visited)
   Lair: D:8-11

Altars:
Ashenzari
Cheibriados
Elyvilon
Fedhas
Gozag
Makhleb
Okawaru
Qazlal
Ru
Trog
Vehumet
Wu Jian
Xom
Yredelemnul
Zin
The Shining One

Annotations:
D:7 2 transporters, 1 runed translucent door, Zappman123's ghost, amateur FoTm
D:11 Urug


Innate Abilities, Weirdness & Mutations

Your serpentine skin is tough. (AC +3)
You have supernaturally acute eyesight. (SInv)
Armour fits poorly on your strangely shaped body.
Your system is resistant to poisons. (rPois)
You cover ground very slowly.
You can spit poison.
You have a snake-like lower body.


Message History

You hit the skeletal warrior. You burn the skeletal warrior.
The skeletal warrior is lightly damaged.
The skeletal warrior hits you with a +0 dire flail.
The yak barely misses you.
Unknown command.
You barely miss the skeletal warrior.
The skeletal warrior is lightly damaged.
The yak gores you! The yak barely misses you.
You block the skeletal warrior's attack.
You hit the skeletal warrior. You burn the skeletal warrior.
The skeletal warrior is lightly damaged.
You block the yak's attack.
Unknown command.
You puncture the skeletal warrior! You burn the skeletal warrior!
The skeletal warrior is heavily damaged.
The skeletal warrior closely misses you.
The yak gores you but does no damage.
Unknown command.
You hit the skeletal warrior. You burn the skeletal warrior.
The skeletal warrior is heavily damaged.
The yak gores you.
A yak comes into view.
You block the yak's attack.
The skeletal warrior hits you with a +0 dire flail!!
The yak bellows!
You barely miss the skeletal warrior.
The skeletal warrior is heavily damaged.
The yak gores you!
You puncture the skeletal warrior! You burn the skeletal warrior.
The skeletal warrior is severely damaged.
The skeletal warrior hits you with a +0 dire flail!!
The yak gores you!
* * * LOW HITPOINT WARNING * * *
Unknown command.
You puncture the skeletal warrior! You burn the skeletal warrior.
The skeletal warrior is almost destroyed.
The yak gores you!
* * * LOW HITPOINT WARNING * * *
The skeletal warrior hits you with a +0 dire flail!!
You die...

... ... .o #.#
#..## ### #..# ..#
#####.##### ..#
#.....YYYY# ..####
#.#'#####@#
.....###.#.....#z#
..##.....#....[#.#
..######.#.....#..
..# #.#######.#
..# #.. ... ..#
#### #.. ### ...


You could see a skeletal warrior and 4 yaks.

Vanquished Creatures
  A hydra (D:11)
  A boulder beetle (D:8)
  A two-headed ogre (D:8)
  A cyclops (D:8)
  2 yaks
  Grum (D:8)
  2 acid dragons (D:9)
  2 water moccasins (D:8)
  Pargi (Sewer)
  4 orc warriors
  2 black bears
  A necrophage (D:4)
  An ice beast (D:6)
  4 wolves (D:8)
  5 centaurs
  2 kobold brigands
  A wyvern zombie (D:9)
  5 bullfrogs
  A gnoll sergeant (D:7)
  3 killer bees (D:9)
  8 centaur zombies
  2 jellies
  4 hounds
  4 orc priests
  2 centaur skeletons
  2 bullfrog skeletons
  3 iguanas
  7 orc wizards
  A scorpion zombie (D:5)
  A killer bee zombie (D:9)
  5 mummies (Ossuary)
  A howler monkey zombie (D:9)
  A howler monkey skeleton (D:6)
  6 adders
  4 gnolls (D:7)
  An ufetubus (D:6)
  An adder skeleton (D:5)
  A worm (D:3)
  2 dart slugs (D:3)
  63 orcs
  9 bats
  9 endoplasms
  4 giant cockroaches
  A gnoll zombie (Ossuary)
  9 goblins
  9 hobgoblins
  2 jackals (D:4)
  17 kobolds
  4 ball pythons
  4 frilled lizards (D:1)
  A goblin zombie (Ossuary)
  A hobgoblin zombie (Ossuary)
  2 kobold zombies (Ossuary)
  2 orc zombies (Ossuary)
  2 rats (D:1)
236 creatures vanquished.

Notes
Turn   | Place    | Note
-------+----------+-------------------------------------------
     0 | D:1      | MisterFreud the Naga Fighter began the quest for the Orb.
     0 | D:1      | Reached XP level 1. HP: 21/21 MP: 1/1
   303 | D:1      | Reached XP level 2. HP: 28/28 MP: 2/2
   352 | D:1      | Reached skill level 3 in Polearms
   617 | D:1      | Reached XP level 3. HP: 34/34 MP: 3/3
  1177 | D:2      | Identified the +1 scale mail of Ennui {rN+ Str+7}
  1225 | D:2      | Identified the +4 ring mail "Ezug" {Regen+ Stlth+}
  1870 | D:3      | Reached skill level 4 in Polearms
  1896 | D:3      | Found a glowing drain.
  1902 | D:3      | Reached XP level 4. HP: 39/42 MP: 4/4
  1910 | Sewer    | Entered a sewer
  1957 | Sewer    | Noticed Pargi
  1977 | Sewer    | Killed Pargi
  1978 | Sewer    | Reached skill level 5 in Polearms
  1978 | Sewer    | Reached XP level 5. HP: 43/49 MP: 5/5
  2335 | D:3      | Reached skill level 6 in Polearms
  2335 | D:3      | Reached XP level 6. HP: 40/56 MP: 6/6
  2631 | D:4      | Noticed a necrophage
  2643 | D:4      | Killed a necrophage
  3229 | D:5      | Entered Level 5 of the Dungeon
  3256 | D:5      | Reached skill level 7 in Polearms
  3256 | D:5      | Reached XP level 7. HP: 48/62 MP: 7/7
  3411 | D:5      | Reached skill level 8 in Polearms
  4010 | D:6      | Reached skill level 9 in Polearms
  4010 | D:6      | Reached XP level 8. HP: 69/69 MP: 8/8
  4028 | D:6      | Found a sand-covered staircase.
  4047 | Ossuary  | Entered an ossuary
  4049 | Ossuary  | Identified 3 scrolls of acquirement
  4049 | Ossuary  | Acquired a +5 lajatang of electrocution
  4051 | Ossuary  | Acquired a manual of Polearms
  4053 | Ossuary  | Acquired a +0 barding of stealth
  4525 | D:6      | Reached skill level 5 in Fighting
  4607 | D:7      | Found an iron altar of Okawaru.
  4608 | D:7      | Noticed a cyclops
  4608 | D:7      | Noticed a purple ugly thing
  4609 | D:7      | Noticed a slime creature
  4610 | D:7      | Found a transporter.
  4621 | D:7      | Found a transporter.
  4736 | D:7      | Reached skill level 10 in Polearms
  4869 | D:7      | Reached XP level 9. HP: 82/82 MP: 9/9
  4948 | D:7      | Found a staircase to the Ecumenical Temple.
  5067 | Temple   | Entered the Ecumenical Temple
  5616 | Temple   | Became a worshipper of Cheibriados the Contemplative
  5747 | D:7      | Found a runed translucent door.
  5747 | D:7      | Found a shimmering altar of Xom.
  5747 | D:7      | Noticed a +1 long sword of chaos
  5747 | D:7      | Noticed Zappman123's ghost (amateur FoTm)
  5991 | D:8      | Reached skill level 11 in Polearms
  6176 | D:8      | Noticed Grum
  6206 | D:8      | Killed Grum
  6207 | D:8      | Reached skill level 12 in Polearms
  6207 | D:8      | Reached skill level 5 in Armour
  6384 | D:8      | Noticed a boulder beetle
  6403 | D:8      | Noticed a cyclops
  6406 | D:8      | Killed a boulder beetle
  6407 | D:8      | Reached skill level 14 in Polearms
  6407 | D:8      | Reached XP level 10. HP: 33/91 MP: 10/10
  6635 | D:8      | Reached * piety under Cheibriados
  6636 | D:8      | Reached skill level 1 in Invocations
  6692 | D:8      | Killed a cyclops
  6771 | D:8      | Noticed a two-headed ogre
  6780 | D:8      | Killed a two-headed ogre
  7296 | D:9      | Found a staircase to the Orcish Mines.
  7309 | D:9      | Reached ** piety under Cheibriados
  7329 | D:9      | Reached skill level 5 in Invocations
  7432 | D:9      | Reached *** piety under Cheibriados
  7438 | D:9      | Found a basalt altar of Yredelemnul.
  7567 | D:9      | Found a sacrificial altar of Ru.
  7585 | D:9      | You fall into a shaft and drop 2 floors!
  7600 | D:11     | Noticed a five-headed hydra
  7606 | D:11     | Killed a five-headed hydra
  7622 | D:11     | Noticed Urug
  7625 | D:11     | Noticed a skeletal warrior
  7632 | D:11     | Reached XP level 11. HP: 103/104 MP: 14/16
  7643 | D:11     | Slain by a skeletal warrior

Illustrated notes

Levels and vault maps discovered:
D:1:      nzn_arrival_settlement, layout_basic, minmay_tromino_v7
D:2:      layout_loops_corners
D:3:      layout_basic, portal_sewer_entry_d, eino_tiny_chamber
D:4:      layout_gridville
D:5:      cheibrodos_quashed, layout_basic, minmay_holes
D:6:      layout_basic, lightli_ossuary_entry_decrepit_ruins
D:7:      layout_loops_ring, gammafunk_temple_overflow_arena, temple_doors_e,
          ebering_ghost_xom
D:8:      kennysheep_blocky_room, layout_cave_pods, uniq_grum
D:9:      layout_cave_pools, nicolae_yredelemnul_corpse_copse,
          nicolae_ru_path_of_blood, hiddenorc2_lemuel
D:11:     layout_roguey, serial_undead, serial_undead_e, serial_undead_e,
          serial_undead_d, serial_undead_b, minivault_10,
          chequers_serial_rivers_room_a, uniq_urug
Temple:   minmay_temple_forest_path

Skill      XL: |  1  2  3  4  5  6  7  8  9 10 |
---------------+-------------------------------+-----
Polearms       | 3 4 5 6 7 9 10 14 | 14.0
Fighting       | 6 8 |  8.8
Armour         | 3 5 |  5.0
Invocations    | 6 |  6.8
Shields        | |  2.4

Action                   |  1- 3 |  4- 6 |  7- 9 | 10-12 || total
-------------------------+-------+-------+-------+-------++-------
Melee: Trident           |    53 |   132 |    58 |       ||   243
       Demon trident     |       |       |   170 |   182 ||   352
 Abil: Spit Poison       |    33 |    20 |    15 |     6 ||    74
Evoke: Wand              |       |       |     1 |       ||     1
  Use: Scroll            |       |     6 |    11 |     2 ||    19
       Potion            |       |       |     1 |       ||     1
 Stab: Sleeping          |       |     3 |    10 |     2 ||    15
Armor: Scale mail        |    15 |       |       |       ||    15
       Ring mail         |     8 |   102 |   104 |    64 ||   278
Dodge: Dodged            |     7 |    56 |    58 |    41 ||   162
Block: Buckler           |     6 |    25 |    31 |    28 ||    90
